 Dungeon Crawl Stone Soup version 0.30.1 (webtiles) character file.

Game seed: 7450764597964624167

709 Pepete the Covered (level 8, -8/50 HPs)
             Began as a Djinni Fire Elementalist on July 11, 2023.
             Mangled by a wight
             ... wielding a +0 great sword
              (16 damage)
             ... on level 6 of the Dungeon.
             The game lasted 00:07:08 (5587 turns).

Pepete the Covered (Djinni Fire Elementalist)       Turns: 5587, Time: 00:07:09

Health: -8/50      AC:  3    Str:  7    XL:     8   Next: 0%
Gold:   327        EV: 12    Int: 18    God:
                   SH:  0    Dex: 15

rFire   + + +        i - +5 spear "Ezoyset" {freeze, rF+ rC+}
rCold   . . .        (no shield)
rNeg    . . .        a - +1 robe
rPois   ∞            (no helmet)
rElec   .            j - scarf {+Inv}
rCorr   .            (no gloves)
SInv    .            (boots unavailable)
Will    .....        (no amulet)
Stlth   ++           k - ring of wizardry
HPRegen 0.28/turn    (no ring)
MPRegen 0.00/turn

%: wizardry (x1), infuse magic (-9 HP)
@: flying
A: sickness immunity, fire resistance 2, cold vulnerability 1, float, innate
caster, HP casting, extra vitality 1
a: Evoke Invisibility


You were on level 6 of the Dungeon.
You visited 1 branch of the dungeon, and saw 6 of its levels.

You collected 353 gold pieces.
You spent 26 gold pieces at shops.

Inventory:

Hand Weapons
 i - the +5 spear "Ezoyset" (weapon) {freeze, rF+ rC+}
   (You found it on level 3 of the Dungeon)

   rF:        It protects you from fire.
   rC:        It protects you from cold.
Armour
 a - a +1 robe (worn)
 j - a scarf of invisibility (worn)
Jewellery
 e - a ring of protection from fire
 k - a ring of wizardry (left hand)
Wands
 c - a wand of quicksilver (8)
 d - a wand of flame (24)
 u - a wand of digging (7)
Scrolls
 g - a scroll of poison
 h - a scroll of teleportation
 l - a scroll of blinking
 n - 2 scrolls of magic mapping
 o - a scroll of silence
 p - a scroll of enchant weapon
 s - a scroll of fear
 t - a scroll of identify
Potions
 b - a potion of brilliance {unknown}
 f - 4 potions of heal wounds
 m - 2 potions of curing
 q - a potion of invisibility
 r - a potion of berserk rage {unknown}
 v - a potion of might {unknown}


   Skills:
 * Level 5.6 Armour
 - Level 2.1 Dodging
 - Level 1.5 Stealth
 * Level 5.0 Spellcasting


You knew the following spells:

 Your Spells              Type           Power      Damage    Failure   Level
a - Foxfire               Conj/Fire      88%        2x1d8     1%          1
b - Scorch                Fire           44%        2d6       1%          2
c - Volatile Blastmotes   Fire/Tloc      44%        2d13      1%          3
d - Inner Flame           Hex/Fire       22%        N/A       1%          3
e - Flame Wave            Conj/Fire      22%        2d8       7%          4
f - Magic Dart            Conj           88%        1d7       1%          1
g - Poisonous Vapours     Pois/Air       44%        N/A       1%          2
h - Dazzling Flash        Conj/Hex       44%        N/A       1%          3
Your spell library was empty.

Dungeon Overview and Level Annotations

Branches:
Dungeon (6/15)
 Temple: D:4-7

Altars:
Fedhas

Shops:
D:5 *


Innate Abilities, Weirdness & Mutations

You are immune to sickness and miasma.
You are immune to poison.
Your flesh is very heat resistant. (rF++)
You are vulnerable to cold. (rC-)
You float through the air rather than walking.
You learn spells naturally, not from books.
Your magical power is your life essence.
You have superior vitality. (+4 MHP)


Message History

There is a stone staircase leading up here.
There is a stone staircase leading up here.
As you open the door, it creaks loudly!
There is an open door here.
You reach down and open the door.
A wight comes into view. It is wielding a +0 great sword.
You conjure some foxfire!
The foxfire hits the wight.
The wight is lightly damaged.
The foxfire hits the wight but does no damage.
The wight is lightly damaged.
You conjure some foxfire!
You conjure some foxfire!
The foxfire hits the wight.
The wight is moderately damaged.
Your foxfire dissipates!
You conjure some foxfire!
The foxfire hits the wight but does no damage.
The wight is moderately damaged.
The foxfire hits the wight.
The wight is heavily damaged.
The wight hits you with a +0 great sword!
The foxfire hits the wight.
The wight is heavily damaged.
The foxfire hits the wight but does no damage.
The wight is heavily damaged.
The wight hits you with a +0 great sword!!
Casting: Foxfire (safe; 1% risk of failure)
Confirm with . or Enter, or press ? or * to list all spells.
Flames lash the wight.
The wight is severely damaged.
The wight's fire resistance burns away.
The wight hits you with a +0 great sword!
* * * LOW HITPOINT WARNING * * *
Unknown command.
Casting: Scorch (safe; 1% risk of failure)
Confirm with . or Enter, or press ? or * to list all spells.
Flames lash the wight but do no damage.
* * * LOW HITPOINT WARNING * * *
The wight hits you with a +0 great sword!
You die...

###+#......#
#..........#
#..........#
#..........#
#..........#
#..........#
######..<..####
#.....#..#
#.....'.@#
#.....#..z......
#.....#..##.###.
...###+##..# #
... .... ....
...... ..
.......
.########


You could see a wight (combustible).

Vanquished Creatures
  Pargi (D:3)
  A black bear (D:5)
  A phantom (D:3)
  A gnoll sergeant (D:4)
  2 jellies
  A sleepcap (D:5)
  3 iguanas
  An orc wizard (D:5)
  11 adders
  A white imp (D:5)
  2 worms (D:3)
  3 dart slugs
  7 orcs
  11 endoplasms
  3 giant cockroaches
  8 goblins
  6 hobgoblins
  6 jackals
  6 kobolds
  2 quokkas
  8 ball pythons
  6 bats
  4 rats
95 creatures vanquished.

Vanquished Creatures (others)
  419 foxfires
419 creatures vanquished.

Grand Total: 514 creatures vanquished

Notes
Turn   | Place    | Note
-------+----------+-------------------------------------------
     0 | D:1      | Pepete the Djinni Fire Elementalist began the quest for the
                  | Orb.
     0 | D:1      | Pepete set off with the following spells memorised:
                  | Foxfire, Scorch, Volatile Blastmotes, Inner Flame, Flame
                  | Wave.
     0 | D:1      | Reached XP level 1. HP: 15/15 MP: 0/0
   202 | D:1      | Reached XP level 2. HP: 20/21 MP: 0/0
   211 | D:1      | Reached skill level 1 in Armour
   741 | D:1      | Reached XP level 3. HP: 21/25 MP: 0/0
   741 | D:1      | Learned a level 1 spell: Magic Dart
  1388 | D:2      | Reached XP level 4. HP: 26/31 MP: 0/0
  2244 | D:3      | Noticed a phantom
  2250 | D:3      | Killed a phantom
  2251 | D:3      | Reached XP level 5. HP: 28/35 MP: 0/0
  2251 | D:3      | Learned a level 2 spell: Poisonous Vapours
  2406 | D:3      | Noticed Pargi
  2413 | D:3      | Killed Pargi
  2414 | D:3      | Reached XP level 6. HP: 34/40 MP: 0/0
  2617 | D:3      | Identified the +5 spear "Ezoyset" {freeze, rF+ rC+}
  3405 | D:4      | Identified the +9 broad axe "Monuen" {protect, Int+4 SInv}
  3675 | D:4      | Reached XP level 7. HP: 30/45 MP: 0/0
  3675 | D:4      | Learned a level 3 spell: Dazzling Flash
  4383 | D:5      | Entered Level 5 of the Dungeon
  4409 | D:5      | Reached skill level 5 in Armour
  4612 | D:5      | Found Oryoq's General Store.
  4648 | D:5      | Bought a scroll of identify for 26 gold pieces
  4716 | D:5      | Reached skill level 5 in Spellcasting
  4860 | D:5      | Found a blossoming altar of Fedhas.
  4987 | D:5      | Reached XP level 8. HP: 25/50 MP: 0/0
  5587 | D:6      | Mangled by a wight

Illustrated notes

Levels and vault maps discovered:
D:1:      dpeg_arrival_line_fractal, layout_rooms, hangedman_feature_mirror,
          chequers_hall_statues_wall_a
D:2:      layout_basic
D:3:      layout_basic, supply_closet_lemuel, uniq_pargi
D:4:      layout_loops_ring, eino_small_chamber_without_monster, st_stairs_1,
          minmay_pentangle
D:5:      layout_cave_pods, mainiacjoe_overflow_paths, serial_shops, shop
D:6:      minmay_chambers_of_threes, layout_gridville, tgw_kikubaaqudgha,
          minmay_temple_entry_antechambers, serial_shops, shop

Skill      XL: |  1  2  3  4  5  6  7 |
---------------+----------------------+-----
Armour         | 1 2 3 4 5 |  5.6
Spellcasting   | 3 4 5 |  5.0
Dodging        | |  2.1
Stealth        | |  1.5

Action                     |  1- 3 |  4- 6 |  7- 9 || total
---------------------------+-------+-------+-------++-------
   Cast: Foxfire           |    92 |   110 |    55 ||   257
         Scorch            |     5 |    19 |    28 ||    52
    Use: Scroll            |       |     4 |     6 ||    10
         Potion            |       |     3 |     3 ||     6
 Armour: Robe              |       |     2 |     1 ||     3
  Dodge: Dodged            |     6 |    15 |    10 ||    31
